cohdb
Replays
Latest Replays
All Replays
Popular Replays
Top Player Replays
Match Explorer
How It Works
Community
CoH3 Stats
Reddit
Sign in to upload your games and track your stats! →
Sign in with Steam
Match 25910298
Unlisted
Match 25910298
Overview
Messages
Build Orders
End
Construct Infanterie Kompanie
Grenadier Squad
Grenadier Squad
Grenadier Squad
MG 42 Machine Gun Team
Construct Luftwaffe Kompanie
Grenadier Squad
Selects Support Bunkers
Jäger Squad
Selects Designated Artillery Overwatch
Selects Coastal Reserves
Jäger Squad
Flak 30 Anti-aircraft Gun Team
Coastal Reserve
Flak 30 Anti-aircraft Gun Team
Selects Artillery Officer
Support Elements
Support Elements
Coastal Reserve
Marder III M Tank Destroyer
Marder III M Tank Destroyer
Marder III M Tank Destroyer
Wirbelwind Flakpanzer
Wirbelwind Flakpanzer
Wirbelwind Flakpanzer
Wirbelwind Flakpanzer
Jäger Squad
Selects Bulwark
Coastal Reserve
Marder III M Tank Destroyer
Artillery Officer
Selects Coastal Wall
Construct Panzer Kompanie
Selects Italian Coastal Battlegroup
Selects Italian Coastal Battlegroup
CPU - Experto
CPU - Experto
CPU - Experto
tchernogo
Simmybird
Eber
0
0
Comments
sign in to comment!
No comments posted yet!